AoeStats
← Plagaeis_The_Wise

Arena

510010777Analyzed
1v1 RM · 4d ago on Sep 29, 2026· 30m 9s· 2 players
Game mode
Random Map
Map size
Tiny (2 player)
Population
200
Speed
Normal
Resources
Standard
Victory
Conquest
Starting age
Dark Age
Ending age
Imperial Age
RankedLock teamsTeams togetherTeam positionsShared explorationLock speedFull tech treeHidden civsTurbo modeCheats
Victory
Defeat
🇧🇴 Lithuanians · Bolivia
979
+17
🇨🇦 Bohemians · Canada
1000
-51
jp906991
10:36 Feudal Age
14:25 Castle Age
14:31 Wheelbarrow
13:47 Loom
14:38 Wheelbarrow
18:05 Double-Bit Axe
26:25 Scale Barding Armor
28:07 Chain Barding Armor
28:42 Horse Collar
29:14 Bow Saw
30:13 Forging
Plagaeis_The_Wise
12:02 Feudal Age
12:56 Double-Bit Axe
12:53 Horse Collar
13:04 Arson
23:08 Castle Age
21:52 Scale Barding Armor
22:38 Scale Mail Armor
24:35 Pikeman
Connection lost

Rejoining the realm…

Still unreachable

The connection could not be restored.

Session expired

The server has moved on; the page needs a fresh start.